 Dungeon Crawl Stone Soup version 0.31-a0-740-g87205ac768 (webtiles) character file.

Game seed: 17263346099786186572

226 Newt the Sneak (level 6, -1/45 HPs)
             Began as an Octopode Brigand on Sept 12, 2023.
             Was an Initiate of Dithmenos.
             Succumbed to a scorpion's poison
             ... on level 3 of the Dungeon.
             The game lasted 00:02:54 (2884 turns).

Newt the Sneak (Octopode Brigand)                   Turns: 2884, Time: 00:02:54

Health: -1/45      AC:  2    Str: 15    XL:     6   Next: 1%
Magic:  6/6        EV: 12    Int: 13    God:    Dithmenos [......]
Gold:   203        SH:  0    Dex: 15    Spells: 5/5 levels left

rFire   . . .        g - +10 dagger of Xierraur {vamp, Str+4}
rCold   . . .        (no shield)
rNeg    . . .        s - +1 hat
rPois   .            (no amulet)
rElec   .            f - ring of see invisible
rCorr   .            r - ring of wizardry
SInv    +            (no ring)
Will    .....        (no ring)
Stlth   ++++         (no ring)
HPRegen 0.27/turn    (no ring)
MPRegen 0.10/turn    (no ring)
                     (no ring)

%: wizardry (x1)
@: lethally poisoned (-1 -> -17)
A: almost no armour, amphibious, 8 rings, camouflage 1, gelatinous body 1,
(nimble swimmer 1), tentacles
a: Renounce Religion


You were on level 3 of the Dungeon.
You worshipped Dithmenos.
Dithmenos was noncommittal.
You visited 1 branch of the dungeon, and saw 4 of its levels.

You collected 203 gold pieces.

Inventory:

Hand Weapons
 a - a +2 dagger
 g - the +10 dagger of Xierraur (weapon) {vamp, Str+4}
   (You found it on level 2 of the Dungeon)

   Str+4:     It affects your strength (+4).
Missiles
 b - 27 poisoned darts (quivered)
 c - 5 curare-tipped darts
 k - 5 javelins
 m - a throwing net
 n - 6 atropa-tipped darts
Armour
 s - a +1 hat (worn)
Jewellery
 f - a ring of see invisible (left tentacle)
 r - a ring of wizardry (right tentacle)
Wands
 q - a wand of paralysis (5)
Scrolls
 d - a scroll of teleportation
 i - a scroll of identify
 j - a scroll of amnesia
 l - a scroll of immolation
 o - a scroll of fog
Potions
 e - a potion of mutation
 h - a potion of attraction
 p - a potion of resistance


   Skills:
 - Level 5.0 Fighting
 + Level 3.9 Short Blades
 - Level 2.0 Throwing
 - Level 1.0 Dodging
 - Level 5.3 Stealth


You had 5 spell levels left.
You didn't know any spells.
Your spell library contained the following spells:

 Spells                   Type           Power      Damage    Failure   Level
 Apportation              Tloc           0%         N/A       12%         1
 Blink                    Tloc           0%         N/A       19%         2
 Jinxbite                 Hex            0%         N/A       19%         2
 Manifold Assault         Tloc           0%         N/A       73%         4
 Alistair's Intoxication  Tmut/Pois      0%         N/A       96%         5


Dungeon Overview and Level Annotations

Branches:
Dungeon (4/15)
 Temple: D:4-7

Altars:
Dithmenos
Elyvilon
Nemelex Xobeh
Trog
Vehumet


Innate Abilities, Weirdness & Mutations

You cannot wear most types of armour.
You are amphibious.
You can wear up to eight rings at the same time.
Your skin changes colour to match your surroundings (Stealth+).
Your rubbery body absorbs attacks. (AC +1, EV +1)
((You are camouflaged when in or above water. (Stealth+)))
You have tentacles for arms and can constrict up to eight enemies at once.


Message History

Dithmenos accepts your kill.
You feel sick.
You are no longer poisoned.
You see here a scroll of teleportation.
You see here a metallic green potion.
There is a stone staircase leading up here.
The scorpion stings you.
You are poisoned.
The scorpion poisons you!
Unknown command.
You feel very sick. The scorpion stings you. x2
You are more poisoned.
The scorpion poisons you!
You climb upwards.
* * * LOW HITPOINT WARNING * * *
You feel very sick.
There is a stone staircase leading down here.
Okay, then.
You hit the scorpion. You grab the scorpion.
You squeeze the scorpion, but do no damage.
The scorpion is moderately wounded.
You constrict the scorpion.
* * * LOW HITPOINT WARNING * * *
You feel sick. The scorpion stings you.
* * * LOW HITPOINT WARNING * * *
You are more poisoned.
The scorpion poisons you!
Okay, then.
Okay, then.
You hit the scorpion.
You feel better.
The scorpion is heavily wounded.
You constrict the scorpion.
* * * LOW HITPOINT WARNING * * *
You feel very sick.
Unknown command.
You hit the scorpion.
You feel better.
The scorpion is severely wounded.
You constrict the scorpion.
You die...

.................<........#
........#######..#........#####
........# ##.#..........§§#
........# #.####..#.....§#
(.......# #.##...##.....§#
...)....# #.#..###########
........# #.#.## ###.....#
#.#.# .######## #@..# ##...##
#s### #.8.8.# #.# #.._..####
#.# #...8.#..# #.# #')..###.#
#.# .#####.#.# #.#
.........#######.#
.#####.#.........#


You could see a scorpion.

Vanquished Creatures
  A scorpion (D:4)
  An iguana (D:4)
  Robin (D:3)
  5 adders
  An ufetubus (D:4)
  A worm (D:3)
  2 dart slugs
  6 orcs
  4 bats
  6 endoplasms
  8 goblins
  3 hobgoblins
  6 jackals
  A quokka (D:1)
  8 ball pythons
  3 frilled lizards (D:2)
  6 kobolds
  4 rats
67 creatures vanquished.

Notes
Turn   | Place    | Note
-------+----------+-------------------------------------------
     0 | D:1      | Newt the Octopode Brigand began the quest for the Orb.
     0 | D:1      | Reached XP level 1. HP: 14/14 MP: 1/1
   250 | D:1      | Reached XP level 2. HP: 17/20 MP: 2/2
   861 | D:2      | Reached XP level 3. HP: 26/26 MP: 3/3
   949 | D:2      | Identified the +10 dagger of Xierraur {vamp, Str+4}
  1085 | D:2      | Found a bloodstained altar of Trog.
  1136 | D:2      | Reached XP level 4. HP: 28/33 MP: 4/4
  2030 | D:3      | Found a shadowy altar of Dithmenos.
  2050 | D:3      | Became a worshipper of Dithmenos the Shadowed
  2056 | D:3      | Found a sparkling altar of Nemelex Xobeh.
  2137 | D:3      | Found a radiant altar of Vehumet.
  2140 | D:3      | Found a white marble altar of Elyvilon.
  2382 | D:4      | Noticed Robin
  2389 | D:3      | Killed Robin
  2390 | D:3      | Reached skill level 5 in Fighting
  2390 | D:3      | Reached XP level 5. HP: 16/39 MP: 5/5
  2862 | D:4      | Reached XP level 6. HP: 41/45 MP: 6/6
  2883 | D:3      | HP: 1/45 [poisoned by a scorpion]
  2884 | D:3      | Succumbed to a scorpion's poison

Illustrated notes

Levels and vault maps discovered:
D:1:      psy_arrival_dodecagon, layout_rooms, kennysheep_nondescript
D:2:      layout_basic, basic_altar, serial_park_tiny_1
D:3:      layout_basic, grunt_temple_overflow_cloverleaf
D:4:      layout_rooms, zin_statuary, uniq_robin

Skill      XL: |  1  2  3  4  5 |
---------------+----------------+-----
Fighting       | 3 4 5 |  5.0
Short Blades   | 3 |  3.9
Throwing       | |  2.0
Dodging        | |  1.0
Stealth        | |  5.3

Action                     |  1- 3 |  4- 6 || total
---------------------------+-------+-------++-------
  Melee: Dagger            |    47 |    68 ||   115
         Tentacles         |     9 |    14 ||    23
         Constrict         |     8 |    12 ||    20
         Punch             |     1 |       ||     1
  Throw: Dart              |       |     1 ||     1
    Use: Scroll            |     7 |     3 ||    10
   Stab: Sleeping          |    11 |     7 ||    18
         Distracted        |       |     1 ||     1
 Armour: Skin              |    15 |    40 ||    55
  Dodge: Dodged            |    23 |    28 ||    51

Table legend: (Time is in decaauts)
 A = Elapsed time spent in this place.
 B = Non-inter-level travel time spent in this place.
 C = Inter-level travel time spent in this place.
 D = Time resting spent in this place.
 E = Time spent auto-exploring this place.
 F = Levels seen in this place.
 G = Mean time per level.
                   A        B        C        D        E       F      G
               +--------+--------+--------+--------+--------+-----+--------+
         Total |   2871 |   2818 |     53 |   1102 |   1286 |   4 |  717.8 |
       Dungeon |   2871 |   2818 |     53 |   1102 |   1286 |   4 |  717.8 |
               +--------+--------+--------+--------+--------+-----+--------+

Top non-repeatable levels by time:
     D:2: 1090 daAuts
     D:3: 744 daAuts
     D:1: 696 daAuts
     D:4: 339 daAuts
